 Dungeon Crawl Stone Soup version 0.31-b1-18-g61460d1e46 (webtiles) character file.

Game seed: 3644978534235455715

39 Esekla the Sneak (level 3, -3/26 HPs)
             Began as an Octopode Delver on Jan 16, 2024.
             Slain by an ufetubus (4 damage)
             ... on level 5 of the Dungeon.
             The game lasted 00:03:12 (478 turns).

Esekla the Sneak (Octopode Delver)                   Turns: 478, Time: 00:03:12

Health: -3/26      AC:  1    Str: 11    XL:     3   Next: 47%
Magic:  3/3        EV: 13    Int: 14    God:
Gold:   18         SH:  0    Dex: 13    Spells: 2/2 levels left

rFire   . . .        a - +0 falchion
rCold   . . .        (no shield)
rNeg    . . .        (helmet restricted)
rPois   .            (no amulet)
rElec   .            (no ring)
rCorr   .            (no ring)
SInv    .            (no ring)
Will    .....        (no ring)
Stlth   +++++        (no ring)
HPRegen 0.24/turn    (no ring)
MPRegen 0.08/turn    (no ring)
                     (no ring)

%: no passive effects
@: hasted, very quick
A: almost no armour, amphibious, 8 rings, camouflage 1, gelatinous body 1,
(nimble swimmer 1), tentacles
a: no special abilities


You were on level 5 of the Dungeon.
You visited 2 branches of the dungeon, and saw 2 of its levels.

You collected 18 gold pieces.

Inventory:

Hand Weapons
 a - a +0 falchion (weapon)
Wands
 f - a wand of digging (3)
Scrolls
 b - a scroll of fog
 c - a scroll of revelation


   Skills:
 * Level 3.2 Fighting
 * Level 2.1 Long Blades
 * Level 2.3 Dodging
 + Level 7.5 Stealth
 * Level 0.1 Spellcasting


You had 2 spell levels left.
You didn't know any spells.
Your spell library was empty.

Dungeon Overview and Level Annotations

Branches:
Dungeon (5/15)             Temple (1/1) D:5

Altars:
Ashenzari
Gozag
Hepliaklqana
Kikubaaqudgha
Qazlal
Sif Muna
Uskayaw
Wu Jian
Xom
The Shining One

Annotations:
D:5 1 runed translucent door, Crazy Yiuf, Edmund


Innate Abilities, Weirdness & Mutations

You cannot wear most types of armour.
You are amphibious.
You can wear up to eight rings at the same time.
Your skin changes colour to match your surroundings (Stealth+).
Your rubbery body absorbs attacks. (AC +1, EV +1)
((You are camouflaged when in or above water. (Stealth+)))
You have tentacles for arms and can constrict up to eight enemies at once.


Message History

You hit the adder.
Your tentacle-slap misses the adder.
The adder is heavily wounded.
You constrict the adder. The adder bites you. The adder misses you.
You hit the adder.
The adder is almost dead.
You constrict the adder.
You kill the adder!
Found a short sword.
You start resting.
HP restored.
Found 9 gold pieces.
You now have 18 gold pieces (gained 9).
An orc comes into view. It is wielding a +0 whip.
An orc comes into view. It is wielding a +0 club.
The orc moves out of view.
The ufetubus shouts!
The ufetubus hits you. x2
You barely miss the ufetubus.
The ufetubus shouts!
Your grab misses the ufetubus. The ufetubus barely misses you. x2
You barely miss the ufetubus. Your grab misses the ufetubus.
Your squeeze misses the ufetubus. The ufetubus hits you. x3
The ufetubus misses you.
You hit the ufetubus. Your grab misses the ufetubus.
The ufetubus is moderately wounded.
Okay, then.
Okay, then.
Unknown command.
You feel yourself speed up. The ufetubus misses you.
The ufetubus barely misses you. The ufetubus misses you. The ufetubus hits you.
The ufetubus closely misses you. The ufetubus hits you.
* * * LOW HITPOINT WARNING * * *
You barely miss the ufetubus. Your grab misses the ufetubus.
You squeeze the ufetubus.
The ufetubus is almost dead.
The ufetubus barely misses you. x2; The ufetubus closely misses you.
The ufetubus hits you.
* * * LOW HITPOINT WARNING * * *
The ufetubus closely misses you. The ufetubus hits you.
You die...

#. #.#. .## #.##...###..### #
#.............. #.#.#
#..#.#.#.#/#..# #.#.# ..
#.............# ..#!# ...#
#..#.......#5.# ..... ..#o
#.............# #...# ...
#.5#...>...#..# # ..# #
#.##@5...........# ###.#.#
#..#..#.......#.## #.....#
#...............#
#.#...........#...#.#.#.#.#5#
#.##############............#
#................>.........##
######......#####################
.....'...........................
######......########...##########


You could see 2 ufetubi.

Vanquished Creatures
  A hound (D:5)
  An adder (D:5)
2 creatures vanquished.

Notes
Turn   | Place    | Note
-------+----------+-------------------------------------------
     0 | D:5      | Esekla the Octopode Delver began the quest for the Orb.
     0 | D:5      | Reached XP level 1. HP: 16/16 MP: 1/1
     7 | Temple   | Entered the Ecumenical Temple
    36 | D:5      | Noticed a hound
    62 | D:5      | Found a runed translucent door.
    63 | D:5      | Noticed Crazy Yiuf
   283 | D:5      | Killed a hound
   284 | D:5      | Reached skill level 7 in Stealth
   284 | D:5      | Reached XP level 2. HP: 16/21 MP: 2/2
   284 | D:5      | Reached XP level 3. HP: 20/26 MP: 3/3
   330 | D:5      | Noticed a scorpion
   404 | D:5      | Found a hazy altar of Hepliaklqana.
   406 | D:5      | Noticed Edmund
   478 | D:5      | HP: 1/26 [ufetubus (4)]
   478 | D:5      | Slain by an ufetubus

Illustrated notes

Levels and vault maps discovered:
D:5:      layout_basic, grunt_temple_overflow_lords_of_destruction,
          nicolae_overflow_crystal_walls, minmay_temple_entry_glass,
          uniq_blork_the_orc, uniq_crazy_yiuf_cottage, uniq_edmund
Temple:   nicolae_temple_figure_zero

Skill      XL: |  1 |
---------------+----+-----
Stealth        | 7 |  7.5
Fighting       | |  3.2
Long Blades    | |  2.1
Dodging        | |  2.3
Spellcasting   | |  0.1

Action                     || total
---------------------------++-------
  Melee: Falchion          ||    10
         Constrict         ||     2
         Tentacles         ||     2
    Use: Scroll            ||     1
         Potion            ||     1
 Armour: Skin              ||    15
  Dodge: Dodged            ||    19
